 Dungeon Crawl Stone Soup version 0.29.0-4-gdea44cf6ec (webtiles) character file.

Game seed: 2870838575807060989

450 qw the Chopper (level 7, -1/41 HPs)
             Began as a Tengu Warper on Aug 28, 2022.
             Was an Initiate of Okawaru.
             Killed from afar by an orc wizard (7 damage)
             ... with a puff of flame
             ... on level 4 of the Dungeon.
             The game lasted 00:00:25 (4520 turns).

qw the Chopper (Tengu Warper)                       Turns: 4520, Time: 00:00:26

Health: -1/41      AC:  5    Str: 13    XL:     7   Next: 4%
Magic:  11/11      EV: 14    Int: 13    God:    Okawaru [......]
Gold:   1374       SH:  5    Dex: 20    Spells: 10/10 levels left

rFire   . . .      SeeInvis .   Y - +3 hand axe
rCold   . . .      Faith    .   (no shield)
rNeg    . . .      Spirit   .   s - +0 ring mail
rPois   .          Reflect  +   (helmet restricted)
rElec   .          Harm     .   (no cloak)
rCorr   .          Rampage  .   (no gloves)
Will    .....                   (boots unavailable)
Stlth   +.........              a - amulet of reflection
HPRegen 0.13/turn               k - +6 ring of dexterity
MPRegen 0.12/turn               (no ring)

@: flying quickly and evasively, quick
A: beak, talons 3, nimble flight
a: Renounce Religion


You were on level 4 of the Dungeon.
You worshipped Okawaru.
Okawaru was noncommittal.
You visited 1 branch of the dungeon, and saw 4 of its levels.

You collected 1374 gold pieces.


Innate Abilities, Weirdness & Mutations

You have a beak for a mouth.
You have claws for feet.
Your magical nature lets you fly swiftly and evasively.


   Skills:
 - Level 3.1 Fighting
 + Level 7.2 Axes
 - Level 1.0 Throwing
 - Level 1.1 Armour
 - Level 3.0 Dodging
 - Level 2.0 Spellcasting
 - Level 2.4 Translocations


You had 10 spell levels left.
You didn't know any spells.
Your spell library contained the following spells:

 Spells                   Type           Power      Damage    Failure   Level
 Blink                    Tloc           14%        N/A       30%         2
 Gell's Gravitas          Tloc           7%         N/A       52%         3
 Lesser Beckoning         Tloc           7%         N/A       52%         3
 Teleport Other           Tloc           7%         N/A       52%         3
 Manifold Assault         Tloc           7%         N/A       99%         5

Inventory:

Hand Weapons
 o - a +0 flail
 Y - a +3 hand axe (weapon)
Armour
 s - a +0 ring mail (worn)
Jewellery
 a - an amulet of reflection (around neck)
 h - a ring of fire
 k - a +6 ring of dexterity (left hand)
Scrolls
 g - a scroll of identify
Potions
 d - 2 potions of resistance
 e - a potion of flight {unknown}
 f - a potion of heal wounds {unknown}
 i - 5 potions of curing
 l - a potion of might {unknown}
 m - a potion of attraction {unknown}

Dungeon Overview and Level Annotations

Branches:
Dungeon (4/15)
 Temple: D:4-7

Altars:
Okawaru
Uskayaw
Zin

Annotations:
D:3 3 runed translucent doors, qw's ghost, amateur TeWr
D:4 1 runed translucent door, Crazy Yiuf


Message History

An orc wizard comes into view.
It is wielding a +0 dagger of electrocution.
You see here a +0 scale mail.
An orc priest comes into view. It is wielding a +0 trident.
The orc wizard shouts!
The orc priest shouts!
You slash the orc!
You kill the orc!
Okawaru accepts your kill.
You closely miss the orc. Your kick misses the orc.
The orc priest miscasts a cantrip.
The orc hits you with a +0 hand axe.
You hit the orc. You claw the orc.
You kill the orc!
Okawaru accepts your kill.
The orc wizard gestures wildly while chanting.
The orc wizard flickers and vanishes!
Deactivating autopickup; reactivate with Ctrl-A.
An orc comes into view. It is wielding a +0 hand axe.
Something hits you.
Items here: %% ( )) [.
You miss something.
The orc shouts!
Your kick misses something. You peck something.
The orc priest closely misses you. Something hits you.
You are electrocuted!!
You hit something.
The orc priest looks satisfied for a moment.
Something hits you but does no damage.
You are electrocuted!
You miss something. Your peck misses something.
The orc priest closely misses you.
You hear some strange, mumbled words.
Something tries to affect you, but you resist.
You closely miss something. You claw something. Your peck misses something.
You block the orc priest's attack.
You hear some strange, mumbled words.
Something tries to affect you, but you resist.
You hit something. Your peck misses something.
The orc priest closely misses you.
You hear some strange, mumbled words.
A puff of flame appears from out of thin air!
The puff of flame hits you!
You die...

.# .# ##.# #.. ...
.o. #.# #o# #.# .
#{# #.# . #@# #.#
# #.#
####.########
#[####..........##
#.......<.........
#.####.##%#####.##
#.# #.# #.#
########.# #.##.##
#.# #........#
#.##..## #.#
#.######.#
#.##...# #.#


You could see an orc priest and an orc.

Vanquished Creatures
  A centaur (D:3)
  A hound (D:4)
  2 orc priests (D:3)
  An iguana (D:4)
  2 orc wizards (D:3)
  13 adders
  A dart slug (D:3)
  2 worms
  7 orcs
  5 bats
  6 endoplasms
  5 giant cockroaches
  13 goblins
  2 hobgoblins (D:4)
  5 kobolds
  2 quokkas (D:2)
  8 ball pythons
  5 frilled lizards
  6 rats
87 creatures vanquished.

Vanquished Creatures (others)
  4 plants (D:2)
4 creatures vanquished.

Grand Total: 91 creatures vanquished

Notes
Turn   | Place    | Note
-------+----------+-------------------------------------------
     0 | D:1      | qw the Tengu Warper began the quest for the Orb.
     0 | D:1      | Reached XP level 1. HP: 12/12 MP: 4/4
     0 | D:1      | 0 ||| qw: Version: 0.1-a-89-g26bdef1
     0 | D:1      | 0 ||| qw: Game counter: 1573
     0 | D:1      | 0 ||| qw: Always use a shield: true
     0 | D:1      | 0 ||| qw: God list: Okawaru
     0 | D:1      | 0 ||| qw: Allow faded altars: false
     0 | D:1      | 0 ||| qw: Do Orc after D:15 true
     0 | D:1      | 0 ||| qw: Do second Lair branch before Depths: true
     0 | D:1      | 0 ||| qw: Lair rune preference: random
     0 | D:1      | 0 ||| qw: Plans: Normal
     0 | D:1      | 0 ||| PLANNING D:1-11
   124 | D:1      | 124 ||| Stepping ~*~*~tactically~*~*~ (stealth).
   219 | D:1      | Reached XP level 2. HP: 17/17 MP: 6/6
   255 | D:1      | Reached skill level 3 in Axes
   403 | D:1      | Found a faded altar of an unknown god.
   846 | D:1      | 846 ||| READING scroll labelled BUFURO QIATA.
   847 | D:1      | 847 ||| READING scroll labelled JABOTA FIXKANK.
   848 | D:1      | 848 ||| READING scroll labelled BOUBLA DI KEEC.
   848 | D:1      | Identified a scroll of acquirement
   848 | D:1      | 848 ||| ACQUIRING 1179 gold pieces
   848 | D:1      | Acquired 1179 gold pieces
   850 | D:1      | 850 ||| READING scroll labelled ANIMOL FUIXEO.
   851 | D:1      | 851 ||| DROPPING scroll of blinking.
   886 | D:2      | 886 ||| Stepping ~*~*~tactically~*~*~ (stealth).
   897 | D:2      | Reached XP level 3. HP: 20/21 MP: 7/7
   950 | D:2      | 950 ||| DROPPING +0 club.
   981 | D:2      | 981 ||| Stepping ~*~*~tactically~*~*~ (stealth).
   988 | D:2      | 988 ||| Stepping ~*~*~tactically~*~*~ (stealth).
   991 | D:2      | 991 ||| Stepping ~*~*~tactically~*~*~ (stealth).
   992 | D:2      | 992 ||| Stepping ~*~*~tactically~*~*~ (stealth).
   998 | D:2      | Reached skill level 4 in Axes
  1224 | D:2      | 1224 ||| Stepping ~*~*~tactically~*~*~ (stealth).
  1225 | D:2      | 1225 ||| FLEEEEING.
  1226 | D:2      | 1226 ||| FLEEEEING.
  1227 | D:2      | 1227 ||| FLEEEEING.
  1228 | D:2      | 1228 ||| FLEEEEING.
  1230 | D:2      | 1230 ||| FLEEEEING.
  1234 | D:2      | 1234 ||| FLEEEEING.
  1235 | D:2      | 1235 ||| FLEEEEING.
  1236 | D:2      | 1236 ||| STAIRDANCE
  1537 | D:2      | Reached XP level 4. HP: 26/26 MP: 8/8
  1623 | D:2      | 1623 ||| Stepping ~*~*~tactically~*~*~ (stealth).
  1633 | D:2      | HP: 5/26 [adder (4)]
  1636 | D:2      | Reached skill level 5 in Axes
  2273 | D:2      | 2273 ||| Stepping ~*~*~tactically~*~*~ (stealth).
  2534 | D:2      | 2534 ||| DROPPING scarf of harm.
  2535 | D:2      | 2535 ||| READING scroll labelled DYRIOKK MONT.
  2536 | D:2      | 2536 ||| DRINKING 2 red potions.
  2640 | D:2      | 2640 ||| DRINKING 2 coppery potions.
  2641 | D:2      | 2641 ||| DRINKING 2 viscous cyan potions.
  2642 | D:2      | 2642 ||| DROPPING potion of berserk rage.
  2749 | D:3      | Gained mutation: Your magical nature lets you fly swiftly
                  | and evasively. [Tengu growth]
  2749 | D:3      | Reached XP level 5. HP: 16/30 MP: 9/9
  2975 | D:3      | 2975 ||| SWAPPING to +3 hand axe.
  2976 | D:3      | 2976 ||| DROPPING +1 hand axe.
  3050 | D:3      | 3050 ||| READING scroll of acquirement.
  3050 | D:3      | 3050 ||| ACQUIRING ring of fire
  3050 | D:3      | Acquired a ring of fire
  3088 | D:3      | Found a runed translucent gate.
  3088 | D:3      | Found a runed translucent gate.
  3088 | D:3      | Found a runed translucent gate.
  3089 | D:3      | Noticed qw's ghost (amateur TeWr)
  3121 | D:3      | Reached skill level 6 in Axes
  3121 | D:3      | 3121 ||| DROPPING +0 mace.
  3145 | D:3      | Found a hide-covered altar of Uskayaw.
  3145 | D:3      | Noticed a centaur
  3170 | D:3      | Killed a centaur
  3171 | D:3      | Reached skill level 7 in Axes
  3171 | D:3      | Reached XP level 6. HP: 9/35 MP: 10/10
  3877 | D:3      | Found a glowing silver altar of Zin.
  3883 | D:3      | Found an iron altar of Okawaru.
  3886 | D:3      | Became a worshipper of Warmaster Okawaru
  3962 | D:3      | 3962 ||| UPGRADING to +0 ring mail.
  3972 | D:3      | 3972 ||| DROPPING +0 leather armour.
  3973 | D:3      | 3973 ||| UPGRADING to amulet of reflection.
  3978 | D:3      | 3978 ||| UPGRADING to +6 ring of dexterity.
  3979 | D:3      | 3979 ||| READING 2 scrolls labelled ISHIUSSAJE.
  3980 | D:3      | 3980 ||| READING scroll labelled KOMMYF KURUTHRA.
  4018 | D:3      | 4018 ||| READING scroll labelled RUUKUICROI.
  4019 | D:3      | 4019 ||| READING scroll labelled TAEVVA IMIFO.
  4020 | D:3      | 4020 ||| DRINKING 2 fizzy pink potions.
  4021 | D:3      | 4021 ||| DROPPING scroll of poison.
  4022 | D:3      | 4022 ||| DROPPING potion of brilliance.
  4117 | D:4      | 4117 ||| Stepping ~*~*~tactically~*~*~ (stealth).
  4118 | D:4      | 4118 ||| Stepping ~*~*~tactically~*~*~ (stealth).
  4119 | D:4      | 4119 ||| Stepping ~*~*~tactically~*~*~ (stealth).
  4214 | D:4      | Reached skill level 3 in Dodging
  4335 | D:4      | 4335 ||| Stepping ~*~*~tactically~*~*~ (stealth).
  4392 | D:4      | Reached skill level 3 in Fighting
  4392 | D:4      | Reached XP level 7. HP: 40/41 MP: 11/11
  4401 | D:4      | 4401 ||| Stepping ~*~*~tactically~*~*~ (stealth).
  4419 | D:4      | Found a runed translucent door.
  4420 | D:4      | Noticed Crazy Yiuf
  4517 | D:4      | HP: 6/41 [something (8)]
  4520 | D:4      | Killed from afar by an orc wizard

Levels and vault maps discovered:
D:1:      evilmike_arrival_crescent, layout_loops_ring,
          dreamdust_ecumenical_altar_statues
D:2:      minmay_evil_eye, layout_basic, minmay_shallow_snake_nest
D:3:      layout_loops_ring, nicolae_uskayaw_murder_on_the_dancefloor,
          minitemple, ebering_ghost_rock_garden
D:4:      kennysheep_goblin_castle, layout_loops_ring, temple_green,
          st_stairs_5, uniq_crazy_yiuf_cottage

Skill      XL: |  1  2  3  4  5  6 |
---------------+-------------------+-----
Axes           | 3 4 5 7 |  7.2
Dodging        | 3 |  3.0
Fighting       | 3 |  3.1
Throwing       | |  1.0
Armour         | |  1.1
Spellcasting   | |  2.0
Translocations | |  2.4

Action                   |  1- 3 |  4- 6 |  7- 9 || total
-------------------------+-------+-------+-------++-------
Melee: Hand axe          |    51 |   160 |    13 ||   224
       Peck              |    11 |    18 |     2 ||    31
       Kick              |    12 |    34 |     4 ||    50
       Punch             |     1 |     1 |       ||     2
Throw: Boomerang         |     7 |       |       ||     7
  Use: Scroll            |     4 |     6 |       ||    10
       Potion            |       |     4 |       ||     4
 Stab: Sleeping          |       |     1 |       ||     1
Armor: Leather armour    |    15 |    34 |       ||    49
       Ring mail         |       |     5 |     3 ||     8
Dodge: Dodged            |    22 |    97 |     5 ||   124
Block: Other             |       |     5 |     1 ||     6

Table legend:
 A = Non-vault XP
 B = Vault XP
 C = Vault XP percentage of total XP
 D = Non-vault monster count
 E = Vault monster count
 F = Vault count percentage of total count
                 A         B        C        D         E       F
            +---------+---------+-------+---------+---------+-------
      Total |     604 |      39 |   6.1 |      78 |       9 |  10.3
            +---------+---------+-------+---------+---------+-------
        D:1 |      27 |       0 |   0.0 |      17 |       0 |   0.0
        D:2 |      80 |      39 |  32.8 |      19 |       9 |  32.1
        D:3 |     346 |       0 |   0.0 |      27 |       0 |   0.0
        D:4 |     151 |       0 |   0.0 |      15 |       0 |   0.0
            +---------+---------+-------+---------+---------+-------
